[Event "Titled Tuesday Blitz October 31 Early 2023"]
[White "Kleiman, Jake"]
[Black "Hambleton, Aman"]
[WhiteFideId "2020041"]
[BlackFideId "2606577"]
[WhiteElo "2668"]
[BlackElo "2797"]
[Result "1/2-1/2"]
[Round "5"]
[TimeControl "180+1"]
[Date "2023.10.31"]
[WhiteClock "0:00:36"]
[BlackClock "0:00:06"]
[Board "33"]

1. e4 b6 2. d4 Bb7 3. Nc3 e6 4. Nf3 Bb4 5. Bd3 Nf6 6. Qe2 d5 7. exd5 Qxd5 8. O-O Bxc3 9. bxc3 Qh5 10. Ne5 Qxe2 11. Bxe2 Nbd7 12. f4 Ne4 13. Bf3 f5 14. c4 Nxe5 15. fxe5 O-O-O 16. Be3 Ba6 17. Be2 c5 18. dxc5 Nxc5 19. a4 Kc7 20. a5 Bb7 21. axb6+ axb6 22. Rfb1 Nd7 23. Kf2 Ra8 24. Bd4 Bc6 25. g3 g5 26. Ke3 Nc5 27. Bh5 Rhf8 28. Rf1 f4+ 29. gxf4 gxf4+ 30. Rxf4 Rxf4 31. Kxf4 Rf8+ 32. Ke3 Rf5 33. Be2 Kb7 34. Rb1 Kc7 35. Rg1 Rf7 36. Rg8 Re7 37. Bh5 Rd7 38. Rf8 Ba4 39. Rf7 Bxc2 40. Rf6 Bg6 41. Bxg6 hxg6 42. Bxc5 bxc5 43. Rxe6 Rh7 44. Rxg6 Rh4 45. Kd3 Kd7 46. Rd6+ Kc7 47. Kc3 Rh3+ 48. Rd3 Rxh2 49. Rd5 Rh3+ 50. Kd2 Kc6 51. Rd6+ Kc7 52. Rg6 Rh4 53. Kd3 Rd4+ 54. Kc3 Re4 55. Re6 Kd7 56. Rd6+ Kc7 57. Rd5 Kc6 58. Rd6+ Kc7 59. Re6 Kd7 60. Rh6 Rxe5 61. Rh7+ Kc6 62. Rh6+ Kc7 63. Rh7+ Kb6 64. Rh6+ Ka5 65. Rh3 Rg5 66. Kb3 Rg1 67. Ka3 Ra1+ 68. Kb3 Rb1+ 69. Ka3 Rb4 70. Rc3 Rb8 71. Rc1 Rb7 72. Rc2 Re7 73. Rc3 Re4 74. Kb3 Rf4 75. Rd3 Rg4 76. Re3 Rg1 77. Rc3 Ra1 78. Rd3 Ra4 79. Rd5 Rb4+ 80. Kc3 Kb6 81. Rd6+ Kc7 82. Rd5 Kc6 83. Rh5 Ra4 84. Rh6+ Kb7 85. Rh7+ Kb6 86. Rh6+ Ka5 87. Rc6 Ra3+ 88. Kb2 Rf3 89. Rxc5+ Kb4 90. Rc8 Rf2+ 91. Kc1 Kc3 92. Kd1 Rd2+ 93. Ke1 Rd4 94. c5 Kc4 95. c6 Kc5 96. c7 Kc6 97. Rd8 Re4+ 98. Kd2 Kxc7 99. Rd3 Kc6 100. Rc3+ Kd5 101. Rd3+ Kc4 102. Rc3+ Kb4 103. Rd3 Rh4 104. Re3 Kc5 105. Kd3 Rd4+ 106. Kc3 Rg4 107. Kd3 Kd6 108. Re4 Rg1 109. Rd4+ Ke5 110. Re4+ Kf5 111. Re3 Rd1+ 112. Ke2 Rd8 113. Rd3 Rb8 114. Re3 Kg4 115. Re4+ Kg3 116. Re7 Kf4 117. Rf7+ Ke5 118. Re7+ Kd4 119. Re3 Rb2+ 120. Kf3 Rh2 121. Re4+ Kd5 122. Rg4 Rh3+ 123. Rg3 Rh5 124. Rg4 Ke5 125. Kg3 Kf5 126. Rf4+ Ke5 127. Rg4 Rh1 128. Kf3 Rf1+ 129. Ke2 Ra1 130. Kf3 Kf5 131. Rf4+ Kg5 132. Re4 Ra3+ 133. Re3 Ra5 134. Re4 Rb5 135. Re3 Kf5 136. Rd3 Re5 137. Re3 Rd5 138. Rc3 Ra5 139. Re3 Ra4 140. Rd3 Rf4+ 141. Ke3 Re4+ 142. Kd2 Rc4 143. Rc3 Rd4+ 144. Rd3 Rb4 145. Rf3+ Ke4 146. Re3+ Kd4 147. Rd3+ Ke4 148. Rc3 Rb2+ 1/2-1/2


[Site "https://www.chess.com"]

[Event "Titled Tuesday Blitz October 31 Early 2023"]
[White "Llorente Zaro, Alfonso"]
[Black "Harikrishnan.A.Ra"]
[WhiteFideId "2254131"]
[BlackFideId "5081483"]
[WhiteElo "2785"]
[BlackElo "2667"]
[Result "0-1"]
[Round "5"]
[TimeControl "180+1"]
[Date "2023.10.31"]
[WhiteClock "0:00:01"]
[BlackClock "0:00:09"]
[Board "34"]

1. e4 c6 2. Nc3 d5 3. Nf3 dxe4 4. Nxe4 Nf6 5. Ng3 g6 6. Bc4 Bg7 7. d4 O-O 8. h3 Nbd7 9. O-O Qc7 10. c3 b5 11. Bb3 Bb7 12. Re1 e6 13. a4 a6 14. Qe2 Nb6 15. Ne4 Nxe4 16. Qxe4 c5 17. Qf4 Qxf4 18. Bxf4 Bxf3 19. dxc5 Bd5 20. cxb6 Bxb3 21. b7 Rad8 22. axb5 axb5 23. Bc7 Bd5 24. Red1 Rde8 25. Ra7 Bf6 26. Bd6 Rb8 27. Rxd5 exd5 28. f4 Bd8 29. Kf1 Bb6 30. Bxb8 Rxb8 31. Ra8 Bc7 32. Ke2 Kg7 33. Rxb8 Bxb8 34. g3 Ba7 35. Kd3 Kf6 36. b3 Ke6 37. c4 dxc4+ 38. bxc4 bxc4+ 39. Kxc4 Kd6 40. g4 Kc6 41. f5 Bb8 42. Kd4 Kxb7 43. Ke4 Kc7 44. fxg6 hxg6 45. h4 Kd7 46. h5 gxh5 47. gxh5 Ke6 48. h6 Kf6 0-1


[Site "https://www.chess.com"]

[Event "Titled Tuesday Blitz October 31 Early 2023"]
[White "Bao, Qilin"]
[Black "Komov, Roman"]
[WhiteFideId "8605750"]
[BlackFideId "24175714"]
[WhiteElo "2665"]
[BlackElo "2782"]
[Result "0-1"]
[Round "5"]
[TimeControl "180+1"]
[Date "2023.10.31"]
[WhiteClock "0:00:01"]
[BlackClock "0:00:21"]
[Board "35"]

1. Nf3 d5 2. g3 c5 3. Bg2 Nf6 4. O-O h6 5. c4 d4 6. e3 Nc6 7. exd4 cxd4 8. d3 e6 9. a3 a5 10. Bf4 Bd6 11. Bxd6 Qxd6 12. Nbd2 O-O 13. Re1 Nd7 14. Qc2 f5 15. Nh4 Nf6 16. Ng6 Re8 17. f4 Ng4 18. Nf1 e5 19. Nxe5 Ncxe5 20. fxe5 Rxe5 21. Qd2 Ra6 22. Rxe5 Nxe5 23. Re1 Bd7 24. Bxb7 Rb6 25. Bd5+ Qxd5 26. cxd5 Nf3+ 27. Kh1 Nxd2 28. Nxd2 Rxb2 29. Nc4 Rb3 30. Rd1 Bb5 31. d6 Kf7 32. Kg1 a4 33. Kf2 Rc3 34. h4 Bxc4 35. dxc4 Rxc4 36. Re1 Rc6 37. Re7+ Kf6 38. Ra7 Rxd6 39. Rxa4 Ke5 40. Ke2 g5 41. hxg5 hxg5 42. Ra5+ Ke4 43. g4 d3+ 44. Kd2 fxg4 45. Rxg5 Kf4 46. Rg8 g3 47. a4 Kf3 48. a5 g2 49. a6 Rxa6 50. Kxd3 Rd6+ 51. Kc2 Kf2 52. Rf8+ Kg1 53. Kc3 Rd5 54. Kc4 Rd1 55. Kc3 Rf1 56. Rg8 Kf2 0-1


[Site "https://www.chess.com"]

[Event "Titled Tuesday Blitz October 31 Early 2023"]
[White "Parkhov, Yair"]
[Black "Hayrapetyan, Hovik"]
[WhiteFideId "2813408"]
[BlackFideId "13302639"]
[WhiteElo "2665"]
[BlackElo "2777"]
[Result "0-1"]
[Round "5"]
[TimeControl "180+1"]
[Date "2023.10.31"]
[WhiteClock "0:00:12"]
[BlackClock "0:00:47"]
[Board "36"]

1. d4 Nf6 2. Nf3 d5 3. Bf4 c5 4. e3 Nc6 5. Nbd2 Bg4 6. c3 e6 7. Bb5 Bd6 8. Bg3 O-O 9. O-O Bxg3 10. hxg3 Qd6 11. Qa4 Bxf3 12. Nxf3 Nd7 13. Rfd1 cxd4 14. exd4 a6 15. Bd3 b5 16. Qc2 h6 17. a3 Rfc8 18. Qe2 Na5 19. Re1 Nc4 20. Rad1 a5 21. g4 Qf4 22. Nh2 Rab8 23. g3 Qf6 24. f4 b4 25. axb4 axb4 26. g5 hxg5 27. Ng4 Qd8 28. Qh2 Nf6 29. Nh6+ gxh6 30. Qxh6 Nd6 31. Re5 Nfe4 32. Rxg5+ Nxg5 33. fxg5 Nf5 34. Bxf5 exf5 35. g6 Qf6 36. Qh7+ Kf8 37. gxf7 Qxf7 38. Qh8+ Ke7 39. Qe5+ 0-1


[Site "https://www.chess.com"]

[Event "Titled Tuesday Blitz October 31 Early 2023"]
[White "Liyanage, Ranindu Dilshan"]
[Black "Volkov, Maksim"]
[WhiteFideId "9915834"]
[BlackFideId "54123070"]
[WhiteElo "2777"]
[BlackElo "2650"]
[Result "0-1"]
[Round "5"]
[TimeControl "180+1"]
[Date "2023.10.31"]
[WhiteClock "0:00:00"]
[BlackClock "0:00:04"]
[Board "37"]

1. e4 c5 2. Nf3 d6 3. d4 cxd4 4. Nxd4 Nf6 5. Nc3 a6 6. Bc4 e6 7. a4 b6 8. O-O Qc7 9. Qe2 Nbd7 10. Be3 Nc5 11. f3 Be7 12. Ba2 O-O 13. Rad1 Re8 14. Qf2 Bb7 15. Rfe1 Rad8 16. Nde2 Bf8 17. Nf4 g6 18. g4 Bg7 19. g5 Nfd7 20. Bd4 Ne5 21. Ng2 f6 22. f4 Ned7 23. b4 fxg5 24. bxc5 Bxd4 25. Qxd4 Nxc5 26. f5 Qg7 27. fxe6 Qxd4+ 28. Rxd4 Nxe6 29. Rb4 Rc8 30. Re3 Kg7 31. Rxb6 Ba8 32. Rxd6 Nf4 33. Rd7+ Kh6 34. h4 Rxc3 35. Rxc3 Ne2+ 36. Kh2 Nxc3 37. hxg5+ Kxg5 38. Bc4 Bxe4 39. Bxa6 h5 40. Rc7 Nxa4 41. Bb5 Ra8 42. Rc4 Bxg2 43. Kxg2 Nb6 44. Rc5+ Kf4 45. Rc6 Nd5 0-1


[Site "https://www.chess.com"]

[Event "Titled Tuesday Blitz October 31 Early 2023"]
[White "Saydaliev, Saidakbar"]
[Black "Kuzhylnyi, Oleksandr"]
[WhiteFideId "14203693"]
[BlackFideId "34110500"]
[WhiteElo "2776"]
[BlackElo "2645"]
[Result "1-0"]
[Round "5"]
[TimeControl "180+1"]
[Date "2023.10.31"]
[WhiteClock "0:01:01"]
[BlackClock "0:00:17"]
[Board "38"]

1. e4 g6 2. d4 Bg7 3. Nc3 d6 4. f4 a6 5. Nf3 b5 6. Bd3 Nd7 7. a4 b4 8. Ne2 c5 9. c3 cxd4 10. cxd4 a5 11. O-O Ngf6 12. e5 Nd5 13. Ng3 Ba6 14. Bxa6 Rxa6 15. Qe2 Qa8 16. f5 dxe5 17. dxe5 O-O 18. Bg5 f6 19. e6 fxg5 20. exd7 g4 21. Ng5 Qa7+ 22. Kh1 Qxd7 23. Qxa6 gxf5 24. Rad1 f4 25. N3e4 Qf5 26. Qe6+ Qxe6 27. Nxe6 Rf5 28. Nxg7 Kxg7 29. Rfe1 Ne3 30. Rd7 Re5 31. Nf2 h5 32. Nd3 Re4 33. Nxf4 Rxf4 34. Rxe7+ 1-0


[Site "https://www.chess.com"]

[Event "Titled Tuesday Blitz October 31 Early 2023"]
[White "Skliarov, Viktor"]
[Black "Sokolovsky, Yahli"]
[WhiteFideId "14106736"]
[BlackFideId "2820242"]
[WhiteElo "2641"]
[BlackElo "2774"]
[Result "0-1"]
[Round "5"]
[TimeControl "180+1"]
[Date "2023.10.31"]
[WhiteClock "0:00:00"]
[BlackClock "0:00:04"]
[Board "39"]

1. e4 d6 2. d4 g6 3. Nc3 Bg7 4. Be3 a6 5. f3 b5 6. Qd2 Bb7 7. g4 Nd7 8. h4 h5 9. g5 e5 10. O-O-O Ne7 11. Bg2 O-O 12. f4 b4 13. Nce2 c5 14. dxe5 Qa5 15. Qxd6 Qxa2 16. Qxe7 Rad8 17. Rxd7 Qa5 18. Nh3 Rxd7 19. Qxd7 Rd8 20. Qxd8+ Qxd8 21. Bxc5 Qa5 22. Bd4 Bc8 23. Kd2 Bg4 24. Nf2 b3+ 25. c3 Qa2 26. Nd3 Qa4 27. Ng3 a5 28. f5 Qc6 29. Ra1 a4 30. Ke3 Bf8 31. Nf2 a3 32. bxa3 b2 33. Rb1 Bxa3 34. Nxg4 hxg4 35. e6 fxe6 36. fxg6 Qc4 37. Nh5 Qa2 38. Rf1 e5 39. g7 exd4+ 40. Kxd4 b1=Q 41. Rf8+ Bxf8 42. gxf8=Q+ Kxf8 0-1


[Site "https://www.chess.com"]

[Event "Titled Tuesday Blitz October 31 Early 2023"]
[White "Nurmanova, Alua"]
[Black "Korchmar, Vasiliy"]
[WhiteFideId "13729390"]
[BlackFideId "24131750"]
[WhiteElo "2629"]
[BlackElo "2768"]
[Result "1-0"]
[Round "5"]
[TimeControl "180+1"]
[Date "2023.10.31"]
[WhiteClock "0:01:01"]
[BlackClock "0:00:00"]
[Board "40"]

1. e4 c5 2. Nf3 d6 3. d4 cxd4 4. Nxd4 Nf6 5. Nc3 Nc6 6. Bg5 Bd7 7. Qd2 a6 8. O-O-O e6 9. f4 Be7 10. Nf3 b5 11. a3 b4 12. axb4 Nxb4 13. e5 Nfd5 14. exd6 Bxg5 15. fxg5 Nxc3 16. bxc3 Qa5 17. Qd4 Na2+ 18. Kd2 Rc8 19. Qxg7 Rf8 20. Qf6 Qxc3+ 21. Qxc3 Nxc3 22. Re1 a5 23. Ne5 f6 24. gxf6 Rxf6 25. Bc4 Na4 26. Nxd7 Rf2+ 27. Re2 Rxc4 28. Rxf2 Kxd7 29. Rf7+ Kxd6 30. Rxh7 Nc5 31. Ra7 a4 32. h4 Rg4 33. Rh2 Ne4+ 34. Ke3 Nf6 35. h5 Rg8 36. Rxa4 Ng4+ 37. Rxg4 Rxg4 38. h6 Rg8 39. g4 Ke5 40. Rh5+ Kf6 41. Kf4 e5+ 42. Rxe5 1-0


[Site "https://www.chess.com"]

[Event "Titled Tuesday Blitz October 31 Early 2023"]
[White "Karamsetty, Jeevan"]
[Black "Taher, Yoseph Theolifus"]
[WhiteFideId "2025337"]
[BlackFideId "7105347"]
[WhiteElo "2623"]
[BlackElo "2765"]
[Result "0-1"]
[Round "5"]
[TimeControl "180+1"]
[Date "2023.10.31"]
[WhiteClock "0:00:01"]
[BlackClock "0:01:28"]
[Board "41"]

1. e4 c5 2. Nc3 g6 3. f4 Bg7 4. Nf3 Nc6 5. Bb5 Nd4 6. Bc4 e6 7. O-O Ne7 8. a4 O-O 9. d3 d5 10. Ba2 dxe4 11. Nxe4 b6 12. Nxd4 Qxd4+ 13. Kh1 Bb7 14. Qe2 Rad8 15. Be3 Qxb2 16. Rfb1 Qa3 17. c3 Qxa4 18. Bxe6 Qc6 19. Bc4 a5 20. Ra2 Nd5 21. Rab2 Ba8 22. Bxd5 Qxd5 23. Rxb6 c4 24. Ng3 cxd3 25. Qf2 Rfe8 26. f5 Rxe3 27. fxg6 hxg6 28. Rb8 Ree8 29. R8b5 Qe6 30. h3 d2 31. Rd1 Qe1+ 0-1


[Site "https://www.chess.com"]

[Event "Titled Tuesday Blitz October 31 Early 2023"]
[White "NelsonLinda"]
[Black "Fecker, Noah"]
[BlackFideId "1334263"]
[WhiteElo "2612"]
[BlackElo "2757"]
[Result "0-1"]
[Round "5"]
[TimeControl "180+1"]
[Date "2023.10.31"]
[WhiteClock "0:01:45"]
[BlackClock "0:02:05"]
[Board "42"]

1. b3 e5 2. Bb2 Nc6 3. e3 d5 4. Bb5 Ne7 5. Bxe5 a6 6. Bxc6+ Nxc6 7. Bb2 Qg5 8. Qf3 Bd6 9. Nh3 Qg6 10. Nf4 Qxc2 11. Bxg7 Rg8 12. Bf6 Bg4 0-1


[Site "https://www.chess.com"]

[Event "Titled Tuesday Blitz October 31 Early 2023"]
[White "Di Nicolantonio, Lucas"]
[Black "Gorovets, Andrey"]
[WhiteFideId "680460"]
[BlackFideId "13504037"]
[WhiteElo "2609"]
[BlackElo "2756"]
[Result "1-0"]
[Round "5"]
[TimeControl "180+1"]
[Date "2023.10.31"]
[WhiteClock "0:01:52"]
[BlackClock "0:01:54"]
[Board "43"]

1. Nf3 c5 2. e4 d6 3. d4 cxd4 4. Nxd4 Nf6 5. Nc3 a6 6. a4 b6 7. Bc4 e6 8. O-O Qc7 9. Ba2 Be7 10. f4 O-O 11. f5 e5 12. Nd5 Nxd5 13. Bxd5 Bb7 14. f6 Bxf6 15. Bxb7 Qxb7 16. Rxf6 exd4 17. Qxd4 gxf6 18. Ra3 Nd7 19. Rg3+ Kh8 20. Bg5 1-0


[Site "https://www.chess.com"]

[Event "Titled Tuesday Blitz October 31 Early 2023"]
[White "mind1mover"]
[Black "StiffMaster1"]
[WhiteElo "2753"]
[BlackElo "2605"]
[Result "1-0"]
[Round "5"]
[TimeControl "180+1"]
[Date "2023.10.31"]
[WhiteClock "0:00:06"]
[BlackClock "0:00:00"]
[Board "44"]

1. Nf3 Nf6 2. b3 g6 3. Bb2 Bg7 4. g3 O-O 5. Bg2 b6 6. O-O Bb7 7. e3 d6 8. d4 Nbd7 9. c4 e5 10. dxe5 Ng4 11. Nc3 Re8 12. exd6 Nc5 13. h3 Nf6 14. dxc7 Qxc7 15. Nb5 Qe7 16. Qd6 a6 17. Qxe7 Rxe7 18. Nbd4 Nd3 19. Ba3 Ree8 20. Rad1 Nc5 21. Ng5 Bxg2 22. Kxg2 h6 23. Ngf3 Nfe4 24. Ne2 a5 25. Nd2 a4 26. b4 Nxd2 27. Rxd2 Ne4 28. Rd7 Red8 29. Rfd1 Rxd7 30. Rxd7 Rc8 31. c5 bxc5 32. bxc5 Nxc5 33. Ra7 Nd3 34. Nf4 Nxf4+ 35. gxf4 Rc2 36. Rxa4 Rxa2 37. Ra8+ Kh7 38. Ra7 Kg8 39. Kf3 h5 40. Ra8+ Kh7 41. Ra7 Kg8 42. Bc5 Rxa7 43. Bxa7 Bb2 44. Ke4 f5+ 45. Kd5 Kf7 46. Bc5 Bf6 47. f3 g5 48. fxg5 Bxg5 49. e4 fxe4 50. fxe4 Bh4 51. e5 Be7 52. e6+ Kf6 53. Bd4+ Kf5 54. Be5 Bf8 55. Bd6 1-0


[Site "https://www.chess.com"]

[Event "Titled Tuesday Blitz October 31 Early 2023"]
[White "WynnZawHtun82"]
[Black "Fier, Alexandr"]
[BlackFideId "2107139"]
[WhiteElo "2603"]
[BlackElo "2748"]
[Result "0-1"]
[Round "5"]
[TimeControl "180+1"]
[Date "2023.10.31"]
[WhiteClock "0:00:00"]
[BlackClock "0:01:02"]
[Board "45"]

1. Nf3 Nf6 2. d4 d5 3. c4 dxc4 4. e3 b5 5. a4 b4 6. Bxc4 e6 7. O-O Bb7 8. a5 a6 9. Nbd2 Be7 10. Re1 O-O 11. e4 c5 12. e5 Nd5 13. dxc5 Nd7 14. c6 Bxc6 15. Ne4 Nc5 16. Nxc5 Bxc5 17. Bg5 Qc7 18. Rc1 Qa7 19. Qe2 h6 20. Bd2 Rfd8 21. Rc2 Ne7 22. Rec1 Bxf3 23. Qxf3 Nf5 24. Bxe6 fxe6 25. Rxc5 Rxd2 26. Rc7 Qb8 27. g4 Qf8 28. gxf5 exf5 29. e6 Re8 30. Qf4 Qd6 31. Qxf5 Qxe6 32. Qxe6+ Rxe6 33. Ra7 Rxb2 0-1


[Site "https://www.chess.com"]

[Event "Titled Tuesday Blitz October 31 Early 2023"]
[White "Srihari L R"]
[Black "Jaskolka, Tomasz"]
[WhiteFideId "46617116"]
[BlackFideId "1170791"]
[WhiteElo "2745"]
[BlackElo "2586"]
[Result "1-0"]
[Round "5"]
[TimeControl "180+1"]
[Date "2023.10.31"]
[WhiteClock "0:01:00"]
[BlackClock "0:00:14"]
[Board "46"]

1. c4 c6 2. Nc3 d5 3. e3 Nf6 4. Nf3 a6 5. Be2 Bg4 6. h3 Bxf3 7. Bxf3 e6 8. O-O Nbd7 9. Be2 Bd6 10. d4 O-O 11. Qc2 e5 12. dxe5 Nxe5 13. cxd5 cxd5 14. Rd1 Rc8 15. Qb3 Nc4 16. Qxb7 Rb8 17. Qxa6 Nxb2 18. Bxb2 Rxb2 19. Bf3 Be5 20. Nxd5 Nxd5 21. Rxd5 Qb8 22. Rad1 Bh2+ 23. Kf1 g6 24. R5d2 Rxd2 25. Rxd2 Be5 26. g3 Qb4 27. Re2 h5 28. h4 Rd8 29. Kg2 Qb1 30. Qa5 Bf6 31. Rd2 Rc8 32. Qa6 Qc1 33. Rd1 Qc3 34. Rd3 Qc1 35. Qxf6 Qe1 36. Rd7 Rf8 37. Bd5 Kh7 1-0


[Site "https://www.chess.com"]

[Event "Titled Tuesday Blitz October 31 Early 2023"]
[White "Zhao, Erick"]
[Black "Skatchkov, Valery"]
[WhiteFideId "30946930"]
[BlackFideId "24195812"]
[WhiteElo "2741"]
[BlackElo "2564"]
[Result "0-1"]
[Round "5"]
[TimeControl "180+1"]
[Date "2023.10.31"]
[WhiteClock "0:00:00"]
[BlackClock "0:00:25"]
[Board "47"]

1. e4 e5 2. Ne2 Nc6 3. Nbc3 Nf6 4. Ng3 Bc5 5. Bc4 d6 6. h3 Be6 7. Bxe6 fxe6 8. d3 O-O 9. O-O Qe8 10. Be3 Bxe3 11. fxe3 Qg6 12. Rf3 d5 13. exd5 exd5 14. e4 Nd4 15. Re3 Qg5 16. Nf1 Nxe4 17. Nxd5 c6 18. Ne7+ Qxe7 19. Rxe4 Qc5 20. Ne3 Rf4 21. c3 Nf3+ 22. gxf3 Rxe4 23. dxe4 Qxe3+ 24. Kg2 Qg5+ 25. Kh1 Qg3 26. Qb3+ Kh8 27. Qxb7 Qxh3+ 28. Kg1 Qg3+ 29. Kh1 Qxf3+ 30. Kg1 Rf8 31. Qe7 h6 32. Qxe5 Rf4 33. Qe8+ Kh7 0-1


[Site "https://www.chess.com"]

[Event "Titled Tuesday Blitz October 31 Early 2023"]
[White "Halkias, Stelios"]
[Black "Brown, Andrew"]
[WhiteFideId "4201809"]
[BlackFideId "3206513"]
[WhiteElo "2741"]
[BlackElo "2554"]
[Result "0-1"]
[Round "5"]
[TimeControl "180+1"]
[Date "2023.10.31"]
[WhiteClock "0:00:11"]
[BlackClock "0:00:05"]
[Board "48"]

1. Nf3 Nf6 2. c4 e6 3. g3 d5 4. d4 Be7 5. Bg2 O-O 6. O-O c6 7. Nc3 Nbd7 8. Qd3 a5 9. b3 b6 10. e4 Ba6 11. e5 Ne8 12. Rd1 Nc7 13. h4 h6 14. Bf1 b5 15. Qc2 bxc4 16. bxc4 Nb6 17. cxd5 cxd5 18. Bxa6 Nxa6 19. Qe2 Nc4 20. Bf4 Qd7 21. g4 Rfc8 22. g5 h5 23. g6 fxg6 24. Bg5 Bf8 25. Rab1 Rab8 26. Nd2 Nxd2 27. Bxd2 Rxb1 28. Rxb1 Nb4 29. a3 Nc6 30. Qd3 Bxa3 31. Na4 Qf7 32. Qxa3 Nxd4 33. Qe3 Qf5 34. Rc1 Nf3+ 35. Kf1 Rf8 36. Bxa5 d4 37. Qb3 d3 38. Bb6 Qh3# 0-1


[Site "https://www.chess.com"]

[Event "Titled Tuesday Blitz October 31 Early 2023"]
[White "Schmakel, Sam"]
[Black "Yaksin, Oleg"]
[WhiteFideId "2039311"]
[BlackFideId "24105880"]
[WhiteElo "2740"]
[BlackElo "2542"]
[Result "1-0"]
[Round "5"]
[TimeControl "180+1"]
[Date "2023.10.31"]
[WhiteClock "0:00:10"]
[BlackClock "0:00:10"]
[Board "49"]

1. e4 c5 2. Nc3 Nc6 3. Nge2 g6 4. d4 cxd4 5. Nxd4 Bg7 6. Be3 Nf6 7. Bc4 O-O 8. Bb3 d6 9. f3 a5 10. Ndb5 Bd7 11. Na4 Ne5 12. Qe2 Rc8 13. Bb6 Qe8 14. c4 Nxc4 15. Nc7 Rxc7 16. Bxc7 Ne5 17. Nc3 a4 18. Bd1 Qc8 19. Bb6 Be6 20. Bxa4 Bc4 21. Qd2 Nfd7 22. Be3 Nc5 23. Bc2 Ncd3+ 24. Bxd3 Nxd3+ 25. Kd1 Ba6 26. Kc2 Nb4+ 27. Kc1 Nd3+ 28. Kb1 Qc4 29. a4 Rc8 30. Ra3 e6 31. Nb5 Bxb5 32. axb5 Nxb2 33. Rc1 Qxc1+ 34. Qxc1 Rxc1+ 35. Bxc1 Nc4 36. Ra8+ 1-0


[Site "https://www.chess.com"]

[Event "Titled Tuesday Blitz October 31 Early 2023"]
[White "Krzyzanowski, Marcin"]
[Black "Maris, Ivo"]
[WhiteFideId "1132199"]
[BlackFideId "1028146"]
[WhiteElo "2735"]
[BlackElo "2501"]
[Result "1-0"]
[Round "5"]
[TimeControl "180+1"]
[Date "2023.10.31"]
[WhiteClock "0:00:25"]
[BlackClock "0:01:26"]
[Board "50"]

1. e4 c6 2. d4 Na6 3. Nf3 g6 4. c3 Nc7 5. h4 h5 6. e5 d6 7. Bd3 Bg4 8. Nbd2 Nh6 9. Qb3 Rb8 10. exd6 Qxd6 11. Bc4 Nd5 12. Ne4 Qd8 13. Ne5 e6 14. Bg5 Be7 15. Bxe7 Kxe7 16. Qa3+ Ke8 17. Nd6+ Kf8 18. Ndxf7+ Qe7 19. Nxg6+ Kxf7 20. Nxe7 Nxe7 21. f3 Bf5 22. O-O-O Rhg8 23. Rd2 b5 24. Bb3 Ra8 25. Re1 a5 26. Qd6 Rg6 27. Rde2 Nd5 28. Qxc6 Rd8 29. Bxd5 Rxd5 30. Qc7+ Kf6 31. Qxa5 Bd3 32. Re5 Nf5 33. Rxd5 exd5 34. Qd8+ Kg7 35. Re8 Nd6 36. Rg8+ Kf7 37. Rxg6 1-0


[Site "https://www.chess.com"]

[Event "Titled Tuesday Blitz October 31 Early 2023"]
[White "Shubenkova, Veronika"]
[Black "Paravyan, David"]
[WhiteFideId "44124040"]
[BlackFideId "4194985"]
[WhiteElo "2539"]
[BlackElo "3072"]
[Result "1/2-1/2"]
[Round "5"]
[TimeControl "180+1"]
[Date "2023.10.31"]
[WhiteClock "0:00:16"]
[BlackClock "0:01:09"]
[Board "51"]

1. e4 e5 2. Nf3 Nf6 3. Nxe5 d6 4. Nf3 Nxe4 5. d3 Nf6 6. d4 d5 7. Bd3 Bd6 8. O-O O-O 9. h3 h6 10. c3 Nc6 11. Nbd2 Re8 12. Qc2 Bd7 13. b3 Nh5 14. Re1 Nf4 15. Rxe8+ Qxe8 16. Nf1 Nxd3 17. Qxd3 Qe6 18. Bd2 Qf5 19. Qxf5 Bxf5 20. Re1 f6 21. g4 Be4 22. Kg2 Kf7 23. Ng3 Bxg3 24. Kxg3 a5 25. Bf4 a4 26. b4 Bxf3 27. Kxf3 Na7 28. Bxc7 Rc8 29. Bd6 Rxc3+ 30. Kg2 Nc8 31. Bf4 Rc4 32. Rc1 Rxc1 33. Bxc1 Nd6 34. a3 Nb5 35. Bb2 g6 36. Kf3 h5 37. Ke3 Ke6 38. f4 h4 39. Kd3 f5 40. g5 Kd7 41. Bc1 Kc6 42. Bb2 Nd6 43. Bc1 Kb5 44. Bd2 Nc4 45. Bc1 Nd6 46. Bd2 b6 47. Bc1 Ne4 48. Be3 Kc6 49. Kc2 Kb7 50. Kb2 Kc7 51. Kc2 Kc6 52. Kd3 Kb5 53. Bg1 Ng3 54. Bf2 Nh5 55. Be3 Ng7 56. Bd2 Ne8 57. Be1 Ng7 58. Bf2 Ne6 59. Be3 Kc6 60. Kc3 Nc7 61. Kd3 Nb5 62. Bc1 Kd7 63. Bb2 Nd6 64. Bc1 Kc6 65. Be3 Nb5 66. Bc1 Kd7 67. Bb2 Nd6 68. Bc1 Nc4 69. Kc3 Ke6 70. Kd3 Kf7 71. Kc3 Nd6 72. Kd3 Ne4 73. Be3 Ke8 74. Bg1 Kd7 75. Be3 Kc6 76. Bg1 Ng3 77. Bf2 Nh5 78. Be3 Kb5 79. Kc3 Ng7 80. Kd3 Ne8 81. Kc3 Nd6 82. Kd3 Kc6 83. Bd2 b5 84. Be3 Ne4 85. Bg1 Kd7 86. Be3 Ke6 87. Kc2 Ng3 88. Kd3 Ne4 89. Kc2 Nd6 90. Kd3 Nc4 91. Bc1 Kd7 92. Kc3 Ke7 93. Kd3 Ke6 94. Kc3 Kd7 95. Kd3 Nd6 96. Be3 Kc6 97. Kc3 Ne4+ 98. Kd3 Kd7 99. Bg1 Ke8 100. Be3 Kf7 101. Bg1 Ke7 102. Be3 Ke6 1/2-1/2


[Site "https://www.chess.com"]

[Event "Titled Tuesday Blitz October 31 Early 2023"]
[White "Bluebaum, Matthias"]
[Black "Kim, Sergey"]
[WhiteFideId "24651516"]
[BlackFideId "13700570"]
[WhiteElo "3062"]
[BlackElo "2609"]
[Result "1-0"]
[Round "5"]
[TimeControl "180+1"]
[Date "2023.10.31"]
[WhiteClock "0:01:11"]
[BlackClock "0:00:21"]
[Board "52"]

1. d4 Nf6 2. c4 g6 3. Nc3 d6 4. e4 Bg7 5. Nf3 O-O 6. Be2 e5 7. Be3 exd4 8. Nxd4 Re8 9. f3 Nbd7 10. Qd2 c6 11. O-O a5 12. Rad1 a4 13. Kh1 Qa5 14. Bh6 Bh8 15. Qc1 Nc5 16. Nc2 Re6 17. Qf4 Nfd7 18. Qh4 Bf6 19. Bg5 Bg7 20. Nd4 Re8 21. Bh6 Bf6 22. Bg5 Bg7 23. Nc2 Re6 24. a3 Qb6 25. Nb4 Qc7 26. Bh6 Bf6 27. Qg3 Be5 28. Bf4 Re8 29. Rd2 Nf8 30. Rfd1 Nfe6 31. Bxe5 dxe5 32. Qh4 Nb3 33. Ncd5 cxd5 34. Nxd5 Qc6 35. Nf6+ Kg7 36. Rd6 Rh8 37. Rxc6 bxc6 38. Ng4 Nbd4 39. Qh6+ 1-0


[Site "https://www.chess.com"]

[Event "Titled Tuesday Blitz October 31 Early 2023"]
[White "Manukyan, Sargis A."]
[Black "Kozak, Antoni"]
[WhiteFideId "13303970"]
[BlackFideId "21832030"]
[WhiteElo "2601"]
[BlackElo "2829"]
[Result "0-1"]
[Round "5"]
[TimeControl "180+1"]
[Date "2023.10.31"]
[WhiteClock "0:00:03"]
[BlackClock "0:00:10"]
[Board "53"]

1. d4 Nf6 2. c4 e6 3. Nc3 d5 4. cxd5 exd5 5. Bg5 c6 6. e3 Be6 7. Bd3 Nbd7 8. Nge2 h6 9. Bh4 g5 10. Bg3 Nh5 11. Be5 Nxe5 12. dxe5 g4 13. Nf4 Qg5 14. Nxe6 fxe6 15. h4 Qxe5 16. Qxg4 Nf6 17. Qf4 Bd6 18. Qxe5 Bxe5 19. g3 Ke7 20. Ke2 Raf8 21. f4 Bxc3 22. bxc3 Rhg8 23. Rhg1 Rg7 24. Rab1 Kd6 25. c4 Rfg8 26. Kf3 e5 27. cxd5 cxd5 28. fxe5+ Kxe5 29. Rb4 Rc8 30. g4 Rc3 31. Rb3 Rxb3 32. axb3 Ne4 33. Bxe4 dxe4+ 34. Ke2 Rc7 35. Kd2 Rd7+ 36. Ke2 Rc7 37. Kd2 Rd7+ 38. Ke2 Rd3 39. Rb1 a5 40. g5 hxg5 41. hxg5 Kf5 42. Ra1 b6 43. b4 axb4 44. Ra6 Kxg5 45. Rxb6 Rb3 46. Kf2 Kf5 47. Rb8 Rb1 48. Rb7 Ke5 49. Rb5+ Kd6 50. Kg3 Kc6 51. Rb8 Kd5 52. Kf4 Rf1+ 53. Kg3 Kc4 54. Kg4 b3 55. Re8 b2 56. Rxe4+ Kc3 57. Re8 b1=Q 58. Rc8+ Kd3 59. Rd8+ Ke4 60. Re8+ Kd5 61. Rd8+ Ke6 62. Re8+ Kf7 63. Re5 Qg6+ 64. Rg5 Rg1+ 65. Kh3 Qh7+ 0-1


[Site "https://www.chess.com"]